Map: Abyssal Reef LE

Players

meowmeowcute - Winner!

  • Race: Protoss Protoss
  • Spawn Location: 5:00

A.I. 1 (Medium)

  • Race: Terran Terran
  • Spawn Location: 11:00

VOD

Have the link to the VOD?

Description

Time

  • Played on: June 24, 2018, 1:51 p.m.
  • Length: 18:26
Show
View Real Time Build Order
Export as new Build Order

meowmeowcute Protoss - Winner!

Build Orders:  

Get SALT Encoding   

  12  0:13  Probe  
  13  0:15  Pylon  
  13  0:26  Probe  
  14  0:35  Probe  
  14  0:37  Gateway  
  15  0:43  Probe  
  16  0:53  Probe  
  17  0:58  Pylon  
  17  1:05  Probe  
  18  1:11  Assimilator  
  18  1:17  Probe  
  19  1:27  Probe  
  19  1:30  Cybernetics Core  
  20  1:41  Probe  
  21  1:53  Probe  
  22  2:00  Pylon  
  22  2:05  Probe  
  23  2:10  Warp Gate  
  23  2:13  Gateway  
  23  2:17  Probe  
  23  2:19  Assimilator  
  23  2:21  Zealot  
  27  2:30  Probe  
  27  2:43  Probe  
  27  2:44  Zealot  
  30  3:02  Stargate  
  30  3:09  Zealot  
  30  3:10  Zealot  
  34  3:26  Stargate  
  34  3:30  Probe, Zealot  
  35  3:36  Zealot  
  39  3:59  Pylon  
  39  4:17  Stalker x2  
  39  4:24  Pylon  
  43  4:49  Oracle  
  43  4:52  Oracle  
  49  4:56  Pylon  
  49  5:01  Probe  
  49  5:02  Stalker  
  49  5:04  Stalker  
  54  5:22  Probe  
  55  5:30  Probe  
  56  5:41  Fleet Beacon  
  56  5:52  Probe  
  56  5:55  Nexus  
  57  6:00  Probe  
  57  6:10  Probe  
  59  6:21  Assimilator  
  59  6:24  Oracle  
  62  6:25  Assimilator  
  62  6:39  Pylon  
  62  6:45  Protoss Air Weapons Level 1  
  62  6:57  Oracle  
  65  7:09  Robotics Facility  
  48  7:56  Carrier  
  54  8:00  Probe  
  55  8:08  Probe  
  56  8:17  Probe  
  57  8:30  Probe  
  58  8:36  Carrier  
  58  8:37  Robotics Facility  
  58  8:40  Probe  
  64  8:45  Pylon  
  64  8:48  Probe  
  66  8:56  Stalker, Probe  
  66  9:00  Sentry  
  71  9:08  Probe  
  72  9:14  Gateway  
  72  9:16  Gateway  
  72  9:20  Probe  
  73  9:25  Zealot  
  73  9:26  Zealot  
  77  9:34  Protoss Air Armor Level 1  
  77  9:51  Zealot  
  77  9:52  Forge, Zealot  
  81  9:56  Carrier  
  87  10:16  Pylon  
  87  10:17  Pylon  
  87  10:18  Zealot  
  87  10:19  Pylon  
  91  10:21  Pylon  
  91  10:23  Zealot  
  91  10:24  Pylon x2  
  91  10:40  Mothership  
  91  10:42  Immortal  
  95  10:47  Observer  
  96  10:53  Zealot  
  96  10:54  Zealot  
  96  10:55  Zealot  
  96  10:56  Zealot  
  112  11:08  Observer  
  113  11:22  Stalker  
  113  11:25  Pylon  
  115  11:27  Stalker  
  115  11:28  Protoss Air Weapons Level 2, Stalker, Nexus  
  115  11:29  Stalker  
  121  11:39  Graviton Catapult  
  121  11:41  Probe  
  122  11:49  Probe  
  123  11:59  Adept, Probe  
  125  12:05  Adept x2  
  125  12:06  Adept  
  132  12:11  Probe  
  125  12:23  Probe  
  118  12:45  Probe  
  118  12:48  Carrier  
  118  12:49  Carrier  
  131  12:57  Probe  
  132  13:02  Stalker x2  
  132  13:03  Stalker x2  
  140  13:09  Probe  
  141  13:19  Immortal  
  145  13:21  Probe  
  146  13:33  Probe  
  147  13:38  Assimilator  
  147  13:40  Assimilator  
  147  13:43  Probe  
  148  13:50  Stalker x2  
  148  13:51  Stalker x2  
  148  13:55  Probe  
  157  14:06  Warp Prism  
  157  14:07  Probe  
  160  14:20  Immortal  
  164  14:36  Protoss Shields Level 1, Pylon  
  164  14:38  Pylon  
  164  14:39  Pylon  
  164  14:42  Protoss Air Armor Level 2  
  164  14:54  Carrier, Warp Prism  
  164  14:59  Warp Prism  
  174  15:15  Pylon  
  174  15:20  Adept  
  174  15:21  Adept  
  178  15:22  Adept  
  178  15:23  Adept  
  163  16:30  Protoss Ground Armor Level 1  
  155  17:03  Stalker  
  155  17:04  Stalker x3  
  161  17:27  Zealot x2  
  161  17:28  Zealot x2  
  158  18:06  Stalker  
  158  18:07  Stalker  
  158  18:08  Stalker x2  
Show
View Real Time Build Order
Export as new Build Order

A.I. 1 (Medium) Terran 

Build Orders:  

Get SALT Encoding   

  12  0:00  SCV  
  13  0:13  SCV  
  14  0:18  Supply Depot  
  14  0:25  SCV  
  15  0:40  SCV  
  16  0:43  Barracks  
  16  0:49  Refinery  
  16  0:52  SCV  
  17  1:04  SCV  
  18  1:19  Supply Depot  
  18  1:30  Marine  
  19  1:34  Orbital Command, Barracks  
  19  1:45  Refinery  
  19  1:50  Barracks Tech Lab  
  19  2:07  Marine  
  20  2:11  Supply Depot  
  20  2:25  Marine  
  21  2:33  Marine  
  22  2:46  Marine  
  22  2:49  Supply Depot  
  23  2:58  SCV  
  24  2:59  Marine  
  25  3:10  SCV  
  25  3:12  Engineering Bay, Marine  
  27  3:22  SCV  
  27  3:25  Marine  
  30  3:34  SCV  
  30  3:37  Marine  
  31  3:46  SCV  
  32  3:50  Supply Depot  
  32  3:56  Marauder  
  32  3:58  SCV  
  35  4:03  Marine  
  36  4:17  Marine  
  37  4:35  Marauder  
  39  4:56  Marauder  
  41  6:49  Barracks Tech Lab  
  41  6:50  SCV  
  41  6:52  Factory  
  42  6:55  Factory  
  42  6:57  Supply Depot  
  42  6:59  Command Center, Missile Turret  
  42  7:00  Missile Turret  
  42  7:05  Sensor Tower  
  42  7:07  Barracks  
  42  7:19  Bunker  
  42  7:36  Factory Tech Lab  
  39  7:38  Starport  
  39  7:39  Cyclone  
  39  7:42  Armory  
  40  7:50  Marine  
  33  7:54  Barracks Reactor  
  29  8:03  Marine  
  30  8:12  Factory Tech Lab, SCV  
  31  8:15  Marine, SCV  
  31  8:19  Refinery, Starport Tech Lab  
  33  8:23  Missile Turret  
  33  8:24  SCV  
  33  8:25  Missile Turret  
  33  8:27  Marine, SCV  
  35  8:31  Refinery  
  36  8:36  SCV  
  36  8:37  Raven  
  36  8:39  Marine, SCV  
  41  8:45  Bunker  
  41  8:48  SCV  
  42  8:51  Marine, SCV  
  44  9:00  SCV  
  45  9:03  Marine, SCV  
  47  9:12  SCV  
  47  9:15  SCV  
  47  9:16  Marauder  
  51  9:20  Raven  
  53  9:24  SCV  
  53  9:27  SCV  
  53  9:28  Siege Tank  
  58  9:36  SCV  
  59  9:39  SCV  
  59  9:40  Siege Tank  
  63  9:48  SCV  
  63  9:51  SCV  
  63  9:52  Marine  
  66  10:01  SCV  
  66  10:05  Marauder  
  69  11:31  Medivac, Combat Shields, Siege Tank  
  69  11:32  Stimpack, Terran Infantry Weapons Level 1  
  74  11:34  Starport  
  74  11:36  Supply Depot  
  74  11:39  Ghost Academy  
  74  11:40  Command Center  
  74  11:47  Fusion Core  
  74  11:54  Engineering Bay  
  74  11:56  Marine  
  74  12:01  Medivac, Armory  
  75  12:03  Supply Depot, Marine  
  78  12:10  Siege Tank, Starport Reactor  
  81  12:18  Siege Tank  
  81  12:20  Terran Infantry Armor Level 1  
  84  12:25  Marine  
  84  12:27  Supply Depot  
  71  12:31  Raven  
  71  12:32  Marine  
  68  12:43  Siege Tank  
  68  12:47  Marine  
  69  12:52  SCV  
  69  12:54  Marine  
  69  12:55  SCV  
  69  12:58  SCV  
  73  13:01  Marine  
  73  13:04  Refinery, SCV  
  75  13:07  Missile Turret, SCV  
  75  13:08  Marine  
  75  13:10  SCV  
  78  13:14  Raven  
  78  13:15  Missile Turret, Marine  
  78  13:16  Refinery, SCV  
  78  13:19  SCV  
  83  13:22  SCV  
  83  13:23  Marine  
  85  13:28  SCV  
  85  13:30  Siege Tank  
  89  13:37  Siege Tank  
  89  13:38  Bunker  
  92  15:32  Marauder  
  92  15:33  Terran Infantry Armor Level 2  
  92  15:34  Terran Vehicle Weapons Level 1  
  92  15:35  Supply Depot, Marauder  
  96  15:37  Marine  
  96  15:40  Marine  
  97  15:52  Marine  
  97  15:55  Marine x2  
  100  15:58  Marine  
  100  15:59  Supply Depot  
  101  16:11  Marauder, Concussive Shells  
  103  16:12  Raven  
  103  16:13  Marine  
  103  16:14  Marauder  
  103  16:16  Marine  
  91  16:21  Medivac, Command Center  
  91  16:22  Medivac  
  75  16:30  Marine  
  75  16:31  Ghost  
  78  16:33  Marine  
  78  16:35  Marine  
  77  16:48  Marine  
  77  16:51  Marine  
  77  16:52  Marine  
  70  16:55  Raven  
  70  17:00  Marine  
  68  17:06  Marine  
  66  17:09  Marine  
  66  17:10  Marine  
  60  17:18  Marine  
  60  17:20  Medivac  
  60  17:21  Medivac, SCV  
  54  17:24  SCV, Marine  
  54  17:27  Marine, SCV  
  54  17:28  Marine  
  51  17:36  Missile Turret, Marauder, SCV  
  45  17:37  Raven  
  45  17:39  SCV  
  45  17:42  Marine  
  42  17:45  Marine  
  42  17:46  Supply Depot, Marine  
  42  17:47  Engineering Bay  
  42  17:48  SCV  
  42  17:51  Viking, SCV  
  44  17:57  Marine  
  44  17:58  Sensor Tower  
  34  17:59  Marine  
  34  18:00  SCV  
  34  18:01  Armory  
  34  18:03  SCV, Marine  
  34  18:04  Marine  
  33  18:12  SCV  
  28  18:20  Fusion Core  
Tags
 
Add a new tag
Caveats
  • Supply blocks, unpowered buildings, or Contaminate may cause inaccurate times.
  • Supply counts are checked every 10 seconds.